 Dungeon Crawl Stone Soup version 0.22.1-5-g62c59d9 (webtiles) character file.

49 nightchill the Grasshopper (level 3, -2/31 HPs)
             Began as a Gnoll Warper on Jan 12, 2019.
             Slain by a worm (6 damage)
             ... on level 2 of the Dungeon.
             The game lasted 00:04:37 (2594 turns).

nightchill the Grasshopper (Gnoll Warper)           Turns: 2594, Time: 00:04:38

Health: -2/31      AC:  3    Str: 14    XL:     3   Next: 75%
Magic:  9/9        EV: 14    Int: 15    God:
Gold:   81         SH:  0    Dex: 14    Spells: 10/12 levels left

rFire    . . .     SeeInvis .   u - +0 dagger (holy)
rCold    . . .     Gourm    .   (no shield)
rNeg     . . .     Faith    .   b - +0 leather armour
rPois    .         Spirit   .   (no helmet)
rElec    .         Reflect  .   (no cloak)
rCorr    .         Harm     .   (no gloves)
MR       .....                  (no boots)
Stlth    +.........             (no amulet)
HPRegen  0.10/turn              (no ring)
MPRegen  0.11/turn              (no ring)

@: no status effects
A: distributed training, fangs 1, strong nose
a: no special abilities


You were on level 2 of the Dungeon.
You were near starving.

You visited 1 branch of the dungeon, and saw 2 of its levels.

You collected 81 gold pieces.

Inventory:

Hand Weapons
 a - a +0 hand axe
 i - a +0 spear
 s - a +0 dagger
 u - a +0 dagger of holy wrath (weapon)
Missiles
 e - 5 tomahawks of dispersal (quivered)
 o - 6 poisoned needles
 w - 27 stones
Armour
 b - a +0 leather armour (worn)
Jewellery
 r - an uncursed amulet of the gourmand {unknown}
Scrolls
 d - a scroll of blinking
 g - a scroll of amnesia {unknown}
 h - a scroll of fear {unknown}
 j - 2 scrolls of magic mapping {unknown}
 m - 2 scrolls of identify {unknown}
 n - a scroll of enchant weapon {unknown}
 p - 2 scrolls of remove curse {unknown}
 q - a scroll of enchant armour {unknown}
 t - a scroll of fog {unknown}
 v - a scroll of teleportation {unknown}
Potions
 c - a potion of lignification {unknown}
 k - a potion of brilliance {unknown}
 l - 3 potions of berserk rage {unknown}
Comestibles
 f - 2 rations


   Skills:
 + Level 4.5 Fighting
 + Level 0.9 Short Blades
 + Level 0.9 Long Blades
 + Level 4.5 Axes
 + Level 0.9 Maces & Flails
 + Level 0.9 Polearms
 + Level 0.9 Staves
 + Level 0.9 Slings
 + Level 0.9 Bows
 + Level 0.9 Crossbows
 + Level 2.6 Throwing
 + Level 2.6 Armour
 + Level 4.5 Dodging
 + Level 0.9 Stealth
 + Level 0.9 Shields
 + Level 0.9 Unarmed Combat
 + Level 5.0 Spellcasting
 + Level 0.6 Conjurations
 + Level 0.6 Hexes
 + Level 0.6 Charms
 + Level 0.6 Summonings
 + Level 0.6 Necromancy
 + Level 5.4 Translocations
 + Level 0.6 Transmutations
 + Level 0.6 Fire Magic
 + Level 0.6 Ice Magic
 + Level 0.6 Air Magic
 + Level 0.6 Earth Magic
 + Level 0.6 Poison Magic
 + Level 1.0 Invocations
 + Level 0.9 Evocations


You had 10 spell levels left.
You knew the following spells:

 Your Spells              Type           Power        Failure   Level  Hunger
a - Blink                 Tloc           N/A          3%          2    ##.....

Your spell library contained the following spells:

 Spells                   Type           Power        Failure   Level  Hunger
 Gell's Gravitas          Tloc           ###.......   6%          3    ###....
 Lesser Beckoning         Tloc           ###.......   6%          3    ###....
 Teleport Other           Tloc           ###.....     6%          3    ###....
 Shroud of Golubria       Chrm/Tloc      ##........   9%          2    ##.....
 Passage of Golubria      Tloc           N/A          22%         4    ####...


Dungeon Overview and Level Annotations

Branches:
Dungeon (2/15)

Altars:
Makhleb


Innate Abilities, Weirdness & Mutations

Your experience applies equally to all skills.
You have very sharp teeth.
Your uncanny sense of smell can sniff out nearby items.


Message History

You hit the worm but do no damage. Your bite misses the worm.
The worm is severely wounded.
You hit the worm but do no damage.
The worm is severely wounded.
The worm barely misses you.
You hit the worm. You bite the worm, but do no damage.
The worm is severely wounded.
The worm barely misses you.
You hit the worm. You bite the worm.
The worm is almost dead.
You barely miss the worm.
The worm is almost dead.
The worm bites you.
* * * LOW HITPOINT WARNING * * *
You hit the worm.
The worm is almost dead.
You hit the worm.
The worm is almost dead.
The worm bites you.
You die...

.........................#..# ..
.###.#...................#.w##...
## ....>.#..........##..#..)....
# ..?...#..........##..#..##... #
.................##.....# #.
..####...........###....#.!.. (.#
#.#..........###.....#
...###.............##.#..###
............@w...#.).........
......#..........#####..##...
......#..........# ..# #.. .....
#<.........# #### #. .....
##........## . .... ##......##
.... ######## ∆


You could see a worm.

Vanquished Creatures
  4 worms (D:2)
  A dart slug (D:1)
  2 leopard geckos (D:2)
  2 giant cockroaches (D:2)
  6 goblins
  2 hobgoblins
  2 jackals (D:1)
  A quokka (D:2)
  2 bats (D:2)
  4 frilled lizards
  4 kobolds
  2 rats (D:1)
32 creatures vanquished.

Notes
Turn   | Place    | Note
-------+----------+-------------------------------------------
     0 | D:1      | nightchill the Gnoll Warper began the quest for the Orb.
     0 | D:1      | Reached XP level 1. HP: 20/20 MP: 6/6
   378 | D:1      | Reached XP level 2. HP: 25/26 MP: 7/7
   759 | D:2      | Learned a level 2 spell: Blink
  1497 | D:2      | Reached skill level 5 in Spellcasting
  1497 | D:2      | Reached XP level 3. HP: 31/31 MP: 7/9
  1533 | D:2      | Found a burning altar of Makhleb.
  1533 | D:2      | Noticed a balrug
  1956 | D:2      | Reached skill level 1 in Invocations
  2322 | D:2      | HP: 1/31 [kobold/short sword (4)]
  2594 | D:2      | Slain by a worm

Skill      XL: |  1  2  3 |
---------------+----------+-----
Spellcasting   | 5 |  5.0
Invocations    | 1 |  1.0
Fighting       | |  4.5
Short Blades   | |  0.9
Long Blades    | |  0.9
Axes           | |  4.5
Maces & Flails | |  0.9
Polearms       | |  0.9
Staves         | |  0.9
Slings         | |  0.9
Bows           | |  0.9
Crossbows      | |  0.9
Throwing       | |  2.6
Armour         | |  2.6
Dodging        | |  4.5
Stealth        | |  0.9
Shields        | |  0.9
Unarmed Combat | |  0.9
Conjurations   | |  0.6
Hexes          | |  0.6
Charms         | |  0.6
Summonings     | |  0.6
Necromancy     | |  0.6
Translocations | |  5.4
Transmutations | |  0.6
Fire Magic     | |  0.6
Ice Magic      | |  0.6
Air Magic      | |  0.6
Earth Magic    | |  0.6
Poison Magic   | |  0.6
Evocations     | |  0.9

Action                   || total
-------------------------++-------
Melee: Hand axe          ||    95
       Bite              ||    30
       Dagger            ||   128
       Punch             ||     1
 Cast: Blink             ||     5
 Stab: Distracted        ||     1
  Eat: Chunk             ||     4
Armor: Leather armour    ||    40
Dodge: Dodged            ||   151
